cohdb
Replays
Latest Replays
All Replays
Popular Replays
Top Player Replays
Match Explorer
How It Works
Community
CoH3 Stats
Reddit
Sign in to upload your games and track your stats! →
Sign in with Steam
Match 43721153
Unlisted
Match 43721153
Overview
Messages
Build Orders
End
Construct Barracks
Riflemen Squad
Selects Advanced Infantry Battlegroup
Riflemen Squad
M1 Mortar Team
Riflemen Squad
Infantry Support Center
Construct Medical Station
Selects Artillery Observers
M1918 Browning Automatic Rifles
Selects Convert to Ranger Squad
Grenade Package
Selects Frontline Medical Station
Advanced Logistics
Construct Motor Pool
M1 Anti-tank Gun Team
Ranger Squad
Selects Infantry Assault
M1 Anti-tank Gun Team
Infantry Assault
Construct Tank Depot
M18 Hellcat Tank Destroyer
Engineer Squad
M4A1 Sherman Medium Tank
Riflemen Squad
Demolitions Package
Ranger Squad
Selects M2A1 105mm Howitzer Emplacement
Selects 155mm Rapid Artillery Barrage
.30 cal Machine Gun
Frontline Medical Station
Infantry Assault
M4A1 Sherman Medium Tank
.30 cal Machine Gun
pagep
감귤
Anti-Something Squad
SOPRO
0
0
Comments
sign in to comment!
No comments posted yet!